Sharks vs Flames

Created - October 10 2009 at 12:15

Simulating a Pre-Season

Goals
1 2 3 T
Sharks 0 0 1 1
Flames 0 0 0 0
Shots
1 2 3 T
Sharks 4 8 7 19
Flames 4 6 3 13

Period #1

No Goal

Penalties :
Josh Gorges (SJS) for High sticking (Minor) at 2:24, Marc-Edouard Vlasic (CGY) for Boarding (Minor) at 17:11

Period #2

No Goal

Penalties :
Marc-Edouard Vlasic (CGY) for Hooking (Minor) at 2:02, Jeremy Colliton (SJS) for Holding (Minor) at 4:51, Marc-Andre Bergeron (SJS) for Tripping (Minor) at 8:29, Maxim Lapierre (CGY) for Hooking (Minor) at 10:33, David Clarkson (SJS) for Hooking (Minor) at 18:32

Period #3

1. Sharks , Craig Conroy 1 (Ed Jovanovski, Jere Lehtinen) at 4:56 (PP)

Penalties :
Maxim Lapierre (CGY) for Hooking (Minor) at 4:16, Mark Stuart (SJS) for Holding (Minor) at 5:48, Ed Jovanovski (SJS) for Slashing (Minor) at 12:21, Josh Gorges (SJS) for High sticking (Minor) at 14:38, Matt Carle (CGY) for Fighting (Major) at 17:13, David Clarkson (SJS) for Fighting (Major) at 17:13

Goalie Stats

Miikka Kiprusoff (SJS), 13 saves from 13 shots - (1.000), W, 3-3-1, 60:00 minutes
Tim Thomas (CGY), 18 saves from 19 shots - (0.947), L, 3-1-0, 59:01 minutes

Players Stats

Sharks
Player Name              G  A  P  +/- PIM S  H  SB FO    MP 
------------------------------------------------------------
Brendan Bell             0  0  0   0  0   0  0  0  0/0   8  
Chris Higgins            0  0  0   0  0   2  0  0  0/1   20 
Craig Conroy             1  0  1   0  0   2  0  0  11/16 22 
David Clarkson           0  0  0   0  7   1  2  0  3/4   16 
David Moss               0  0  0   0  0   2  0  0  0/0   17 
Ed Jovanovski            0  1  1   0  2   2  0  1  0/0   19 
Eric Brewer              0  0  0   0  0   3  1  0  0/0   19 
Jere Lehtinen            0  1  1   0  0   1  1  0  1/2   22 
Jeremy Colliton          0  0  0   0  2   0  3  0  5/12  15 
Jeremy Roenick           0  0  0   0  0   0  0  0  0/0   16 
Josh Gorges              0  0  0   0  4   1  1  0  0/0   16 
Kamil Kreps              0  0  0   0  0   1  0  0  14/25 15 
Marc-Andre Bergeron      0  0  0   0  2   3  0  3  0/0   19 
Marek Zidlicky           0  0  0   0  0   0  2  0  0/0   20 
Mark Giordano            0  0  0   0  0   0  0  0  0/0   5  
Mark Stuart              0  0  0   0  2   0  0  2  0/0   14 
Sami Lepisto             0  0  0   0  0   0  0  0  0/0   1  
Tomas Holmstrom          0  0  0   0  0   1  1  0  7/14  21 
Flames
Player Name              G  A  P  +/- PIM S  H  SB FO    MP 
------------------------------------------------------------
Andrej Sekera            0  0  0   0  0   0  0  1  0/0   6  
Chris Pronger            0  0  0   0  0   1  1  0  0/0   20 
Daniel Sedin             0  0  0   0  0   4  0  0  1/2   24 
Dustin Penner            0  0  0   0  0   0  4  0  0/0   5  
Frans Nielsen            0  0  0   0  0   2  0  0  9/23  18 
Henrik Sedin             0  0  0   0  0   1  0  1  16/27 24 
Jiri Hudler              0  0  0   0  0   1  1  0  0/1   18 
Keith Tkachuk            0  0  0   0  0   1  0  0  2/10  21 
Lee Stempniak            0  0  0   0  0   0  1  0  0/0   14 
Marc-Edouard Vlasic      0  0  0   0  4   0  1  1  0/0   20 
Matt Carle               0  0  0   0  5   0  0  0  0/0   13 
Maxim Lapierre           0  0  0   0  4   0  3  0  5/11  14 
Nikolai Zherdev          0  0  0   0  0   0  1  0  0/0   19 
Paul Mara                0  0  0   0  0   0  0  0  0/0   15 
Roman Hamrlik            0  0  0   0  0   1  1  2  0/0   18 
Tobias Enstrom           0  0  0   0  0   0  2  0  0/0   22 
Trevor Daley             0  0  0   0  0   1  0  0  0/0   5  
Valtteri Filppula        0  0  0   0  0   1  0  0  0/0   15 

3 Stars

1 - Miikka Kiprusoff (SJS)
2 - Tim Thomas (CGY)
3 - Craig Conroy (SJS)

Power Play

Sharks - 1 on 4 Attempt(s) - 25.00%
Flames - 0 on 7 Attempt(s) - 0.00%

Penalty Kill

Sharks - 7 on 7 Attempt(s) - 100.00% - Score 0 goal in Penalty Kill
Flames - 3 on 4 Attempt(s) - 75.00% - Score 0 goal in Penalty Kill

Game Notes

David Clarkson beats up Matt Carle at 17:13 of 3rd period

Play by Play

Period #1

0:01 of 1st period - Daniel Sedin wins face-off versus Craig Conroy in neutral zone.
0:01 of 1st period - Daniel Sedin is hit by Jere Lehtinen.
0:31 of 1st period - Shot by Daniel Sedin.
0:31 of 1st period - Stopped by Miikka Kiprusoff with a rebound.
1:10 of 1st period - Shot by Frans Nielsen.
1:10 of 1st period - Stopped by Miikka Kiprusoff with a rebound.
1:13 of 1st period - Icing by Eric Brewer.
1:14 of 1st period - Craig Conroy wins face-off versus Maxim Lapierre in Sharks zone.
2:24 of 1st period - Minor Penalty to Josh Gorges for High sticking.
2:25 of 1st period - Henrik Sedin wins face-off versus Kamil Kreps in Sharks zone.
3:44 of 1st period - Frans Nielsen is hit by David Clarkson and loses puck.
5:02 of 1st period - Paul Mara is hit by Jeremy Colliton and loses puck.
5:52 of 1st period - Marek Zidlicky is hit by Dustin Penner and loses puck.
6:08 of 1st period - Off-side.
6:09 of 1st period - Craig Conroy wins face-off versus Frans Nielsen in neutral zone.
6:18 of 1st period - Shot by Tomas Holmstrom.
6:18 of 1st period - Shot Blocked by Marc-Edouard Vlasic.
6:20 of 1st period - Shot by Tomas Holmstrom.
6:20 of 1st period - Shot Misses the Net.
6:22 of 1st period - Shot by Eric Brewer.
6:22 of 1st period - Shot Misses the Net.
6:24 of 1st period - Shot by Jere Lehtinen.
6:24 of 1st period - Shot Misses the Net.
6:26 of 1st period - Shot by Craig Conroy.
6:26 of 1st period - Shot Misses the Net.
6:28 of 1st period - Shot by Eric Brewer.
6:28 of 1st period - Stopped by Tim Thomas with a rebound.
6:32 of 1st period - Shot by Ed Jovanovski.
6:32 of 1st period - Stopped by Tim Thomas without a rebound.
6:33 of 1st period - Kamil Kreps wins face-off versus Henrik Sedin in Flames zone.
7:34 of 1st period - Off-side.
7:35 of 1st period - David Clarkson wins face-off versus Frans Nielsen in neutral zone.
7:56 of 1st period - Icing by Tobias Enstrom.
7:57 of 1st period - Frans Nielsen wins face-off versus Jeremy Colliton in Flames zone.
8:02 of 1st period - Jeremy Colliton is hit by Jiri Hudler and loses puck.
8:40 of 1st period - Tobias Enstrom is hit by Marek Zidlicky and loses puck.
13:15 of 1st period - Off-side.
13:16 of 1st period - Henrik Sedin wins face-off versus Kamil Kreps in neutral zone.
13:26 of 1st period - Shot by Daniel Sedin.
13:26 of 1st period - Shot Blocked by Marc-Andre Bergeron.
13:30 of 1st period - Shot by Daniel Sedin.
13:30 of 1st period - Shot Blocked by Marc-Andre Bergeron.
13:34 of 1st period - Shot by Henrik Sedin.
13:34 of 1st period - Stopped by Miikka Kiprusoff without a rebound.
13:35 of 1st period - David Clarkson wins face-off versus Frans Nielsen in Sharks zone.
13:43 of 1st period - David Clarkson is hit by Tobias Enstrom and loses puck.
14:27 of 1st period - Shot by Tomas Holmstrom.
14:27 of 1st period - Stopped by Tim Thomas without a rebound.
14:28 of 1st period - Maxim Lapierre wins face-off versus Jeremy Colliton in Flames zone.
14:51 of 1st period - Icing by Mark Giordano.
14:52 of 1st period - Henrik Sedin wins face-off versus Jeremy Colliton in Sharks zone.
15:05 of 1st period - Mark Giordano is hit by Dustin Penner and loses puck.
15:41 of 1st period - Icing by Trevor Daley.
15:42 of 1st period - Kamil Kreps wins face-off versus Henrik Sedin in Flames zone.
16:29 of 1st period - Shot by Eric Brewer.
16:29 of 1st period - Stopped by Tim Thomas with a rebound.
16:33 of 1st period - Shot by Craig Conroy.
16:33 of 1st period - Shot Misses the Net.
16:35 of 1st period - Shot by Ed Jovanovski.
16:35 of 1st period - Shot Misses the Net.
16:37 of 1st period - Shot by Ed Jovanovski.
16:37 of 1st period - Shot Misses the Net.
16:39 of 1st period - Shot by Craig Conroy.
16:39 of 1st period - Shot Misses the Net.
16:41 of 1st period - Shot by Ed Jovanovski.
16:41 of 1st period - Deflect By Craig Conroy.
16:41 of 1st period - Shot Misses the Net.
17:04 of 1st period - Off-side.
17:05 of 1st period - Jeremy Colliton wins face-off versus Keith Tkachuk in neutral zone.
17:11 of 1st period - Minor Penalty to Marc-Edouard Vlasic for Boarding.
17:12 of 1st period - Keith Tkachuk wins face-off versus Kamil Kreps in Flames zone.
17:22 of 1st period - Icing by Marc-Andre Bergeron.
17:23 of 1st period - Kamil Kreps wins face-off versus Keith Tkachuk in Sharks zone.
17:25 of 1st period - Icing by Marc-Andre Bergeron.
17:26 of 1st period - Keith Tkachuk wins face-off versus Kamil Kreps in Sharks zone.
19:06 of 1st period - Shot by Marek Zidlicky.
19:06 of 1st period - Shot Blocked by Roman Hamrlik.
19:39 of 1st period - Off-side.
19:40 of 1st period - Henrik Sedin wins face-off versus Kamil Kreps in neutral zone.
19:45 of 1st period - Shot by Daniel Sedin.
19:45 of 1st period - Stopped by Miikka Kiprusoff without a rebound.
19:46 of 1st period - Jere Lehtinen wins face-off versus Frans Nielsen in Sharks zone.
19:54 of 1st period - Craig Conroy is hit by Marc-Edouard Vlasic and loses puck.
19:58 of 1st period - Icing by Marc-Edouard Vlasic.
19:59 of 1st period - Tomas Holmstrom wins face-off versus Jiri Hudler in Flames zone.

Period #2

0:01 of 2nd period - Henrik Sedin wins face-off versus Craig Conroy in neutral zone.
0:59 of 2nd period - Shot by Chris Higgins.
0:59 of 2nd period - Shot Misses the Net.
1:03 of 2nd period - Shot by Marc-Andre Bergeron.
1:03 of 2nd period - Stopped by Tim Thomas without a rebound.
1:04 of 2nd period - Jeremy Colliton wins face-off versus Frans Nielsen in Flames zone.
1:05 of 2nd period - Shot by David Moss.
1:05 of 2nd period - Stopped by Tim Thomas without a rebound.
1:06 of 2nd period - Frans Nielsen wins face-off versus Jeremy Colliton in Flames zone.
2:02 of 2nd period - Minor Penalty to Marc-Edouard Vlasic for Hooking.
2:03 of 2nd period - David Clarkson wins face-off versus Henrik Sedin in Flames zone.
2:27 of 2nd period - Shot by Kamil Kreps.
2:27 of 2nd period - Shot Blocked by Henrik Sedin.
2:29 of 2nd period - Shot by Kamil Kreps.
2:29 of 2nd period - Stopped by Tim Thomas without a rebound.
2:30 of 2nd period - Craig Conroy wins face-off versus Keith Tkachuk in Flames zone.
3:35 of 2nd period - Shot by Kamil Kreps.
3:35 of 2nd period - Shot Blocked by Andrej Sekera.
3:44 of 2nd period - Icing by Marek Zidlicky.
3:45 of 2nd period - Kamil Kreps wins face-off versus Keith Tkachuk in Sharks zone.
3:50 of 2nd period - Shot by Marek Zidlicky.
3:50 of 2nd period - Shot Misses the Net.
3:56 of 2nd period - Shot by Marc-Andre Bergeron.
3:56 of 2nd period - Stopped by Tim Thomas without a rebound.
3:57 of 2nd period - Craig Conroy wins face-off versus Daniel Sedin in Flames zone.
4:00 of 2nd period - Shot by Ed Jovanovski.
4:00 of 2nd period - Shot Blocked by Roman Hamrlik.
4:04 of 2nd period - Shot by Jeremy Roenick.
4:04 of 2nd period - Shot Misses the Net.
4:23 of 2nd period - Shot by Valtteri Filppula.
4:23 of 2nd period - Shot Blocked by Mark Stuart.
4:51 of 2nd period - Minor Penalty to Jeremy Colliton for Holding.
4:52 of 2nd period - Tomas Holmstrom wins face-off versus Frans Nielsen in Sharks zone.
5:43 of 2nd period - Off-side.
5:44 of 2nd period - Craig Conroy wins face-off versus Henrik Sedin in neutral zone.
6:57 of 2nd period - Jeremy Colliton is hit by Maxim Lapierre and loses puck.
7:07 of 2nd period - Maxim Lapierre is hit by Josh Gorges and loses puck.
7:58 of 2nd period - Shot by Daniel Sedin.
7:58 of 2nd period - Stopped by Miikka Kiprusoff without a rebound.
7:59 of 2nd period - Kamil Kreps wins face-off versus Frans Nielsen in Sharks zone.
8:29 of 2nd period - Minor Penalty to Marc-Andre Bergeron for Tripping.
8:30 of 2nd period - Henrik Sedin wins face-off versus Tomas Holmstrom in Sharks zone.
8:30 of 2nd period - Daniel Sedin is hit by Eric Brewer and loses puck.
8:35 of 2nd period - Shot by Chris Pronger.
8:35 of 2nd period - Stopped by Miikka Kiprusoff without a rebound.
8:36 of 2nd period - Tomas Holmstrom wins face-off versus Henrik Sedin in Sharks zone.
9:12 of 2nd period - Off-side.
9:13 of 2nd period - Frans Nielsen wins face-off versus Chris Higgins in neutral zone.
10:33 of 2nd period - Minor Penalty to Maxim Lapierre for Hooking.
10:34 of 2nd period - Kamil Kreps wins face-off versus Frans Nielsen in Flames zone.
10:43 of 2nd period - Shot by Marc-Andre Bergeron.
10:43 of 2nd period - Stopped by Tim Thomas without a rebound.
10:44 of 2nd period - Frans Nielsen wins face-off versus Kamil Kreps in Flames zone.
10:44 of 2nd period - Frans Nielsen is hit by David Clarkson.
11:25 of 2nd period - Icing by David Clarkson.
11:26 of 2nd period - Kamil Kreps wins face-off versus Keith Tkachuk in Sharks zone.
12:13 of 2nd period - Shot by Ed Jovanovski.
12:13 of 2nd period - Stopped by Tim Thomas with a rebound.
12:17 of 2nd period - Shot by Eric Brewer.
12:17 of 2nd period - Stopped by Tim Thomas without a rebound.
12:18 of 2nd period - Craig Conroy wins face-off versus Henrik Sedin in Flames zone.
13:13 of 2nd period - Icing by Matt Carle.
13:14 of 2nd period - Maxim Lapierre wins face-off versus Tomas Holmstrom in Flames zone.
13:35 of 2nd period - Shot by Daniel Sedin.
13:35 of 2nd period - Shot Misses the Net.
13:37 of 2nd period - Shot by Trevor Daley.
13:37 of 2nd period - Stopped by Miikka Kiprusoff without a rebound.
13:38 of 2nd period - Frans Nielsen wins face-off versus Kamil Kreps in Sharks zone.
13:44 of 2nd period - Icing by Marek Zidlicky.
13:45 of 2nd period - Frans Nielsen wins face-off versus Kamil Kreps in Sharks zone.
13:46 of 2nd period - Shot by Jiri Hudler.
13:46 of 2nd period - Shot Blocked by Marc-Andre Bergeron.
14:01 of 2nd period - Icing by Tobias Enstrom.
14:02 of 2nd period - Jeremy Colliton wins face-off versus Frans Nielsen in Flames zone.
14:23 of 2nd period - Shot by Jeremy Colliton.
14:23 of 2nd period - Shot Misses the Net.
14:27 of 2nd period - Shot by Josh Gorges.
14:27 of 2nd period - Shot Misses the Net.
14:44 of 2nd period - Off-side.
14:45 of 2nd period - Henrik Sedin wins face-off versus Tomas Holmstrom in neutral zone.
16:06 of 2nd period - Shot by Valtteri Filppula.
16:06 of 2nd period - Stopped by Miikka Kiprusoff without a rebound.
16:07 of 2nd period - Jeremy Colliton wins face-off versus Henrik Sedin in Sharks zone.
16:33 of 2nd period - Shot by David Moss.
16:33 of 2nd period - Stopped by Tim Thomas without a rebound.
16:34 of 2nd period - Frans Nielsen wins face-off versus Kamil Kreps in Flames zone.
16:49 of 2nd period - Shot by Keith Tkachuk.
16:49 of 2nd period - Stopped by Miikka Kiprusoff without a rebound.
16:50 of 2nd period - Craig Conroy wins face-off versus Maxim Lapierre in Sharks zone.
17:08 of 2nd period - Maxim Lapierre is hit by Tomas Holmstrom and loses puck.
18:11 of 2nd period - Icing by Mark Stuart.
18:12 of 2nd period - Henrik Sedin wins face-off versus Jeremy Colliton in Sharks zone.
18:32 of 2nd period - Minor Penalty to David Clarkson for Hooking.
18:33 of 2nd period - Craig Conroy wins face-off versus Frans Nielsen in Sharks zone.
19:18 of 2nd period - Shot by Daniel Sedin.
19:18 of 2nd period - Stopped by Miikka Kiprusoff without a rebound.
19:19 of 2nd period - Henrik Sedin wins face-off versus Craig Conroy in Sharks zone.

Period #3

0:01 of 3rd period - Henrik Sedin wins face-off versus Tomas Holmstrom in neutral zone.
0:14 of 3rd period - Shot by Chris Pronger.
0:14 of 3rd period - Shot Blocked by Ed Jovanovski.
0:47 of 3rd period - Jiri Hudler is hit by Jeremy Colliton and loses puck.
1:14 of 3rd period - Shot by Jiri Hudler.
1:14 of 3rd period - Shot Blocked by Mark Stuart.
2:00 of 3rd period - Shot by Craig Conroy.
2:00 of 3rd period - Stopped by Tim Thomas without a rebound.
2:01 of 3rd period - Kamil Kreps wins face-off versus Henrik Sedin in Flames zone.
2:01 of 3rd period - Kamil Kreps is hit by Chris Pronger.
2:06 of 3rd period - David Clarkson is hit by Roman Hamrlik and loses puck.
2:32 of 3rd period - Henrik Sedin is hit by Marek Zidlicky and loses puck.
2:44 of 3rd period - Marek Zidlicky is hit by Nikolai Zherdev and loses puck.
3:26 of 3rd period - Icing by Brendan Bell.
3:27 of 3rd period - Tomas Holmstrom wins face-off versus Maxim Lapierre in Sharks zone.
3:27 of 3rd period - Tomas Holmstrom is hit by Maxim Lapierre.
3:37 of 3rd period - Icing by Maxim Lapierre.
3:38 of 3rd period - Maxim Lapierre wins face-off versus Jeremy Colliton in Flames zone.
3:43 of 3rd period - Mark Stuart is hit by Lee Stempniak.
4:16 of 3rd period - Minor Penalty to Maxim Lapierre for Hooking.
4:17 of 3rd period - Kamil Kreps wins face-off versus Keith Tkachuk in Flames zone.
4:26 of 3rd period - Shot by Chris Higgins.
4:26 of 3rd period - Stopped by Tim Thomas without a rebound.
4:27 of 3rd period - Craig Conroy wins face-off versus Keith Tkachuk in Flames zone.
4:56 of 3rd period - Shot by Craig Conroy.
4:56 of 3rd period - Goal by Craig Conroy - Sharks : 1 - Flames : 0.
4:57 of 3rd period - Kamil Kreps wins face-off versus Henrik Sedin in neutral zone.
5:18 of 3rd period - David Clarkson is hit by Dustin Penner and loses puck.
5:40 of 3rd period - Icing by Trevor Daley.
5:41 of 3rd period - Henrik Sedin wins face-off versus Jeremy Colliton in Flames zone.
5:41 of 3rd period - Henrik Sedin is hit by Jeremy Colliton.
5:48 of 3rd period - Minor Penalty to Mark Stuart for Holding.
5:49 of 3rd period - Tomas Holmstrom wins face-off versus Keith Tkachuk in Sharks zone.
5:55 of 3rd period - Icing by Keith Tkachuk.
5:56 of 3rd period - Tomas Holmstrom wins face-off versus Frans Nielsen in Flames zone.
6:03 of 3rd period - Shot by Jere Lehtinen.
6:03 of 3rd period - Stopped by Tim Thomas without a rebound.
6:04 of 3rd period - Tomas Holmstrom wins face-off versus Frans Nielsen in Flames zone.
7:16 of 3rd period - Shot by Chris Pronger.
7:16 of 3rd period - Shot Misses the Net.
7:18 of 3rd period - Shot by Roman Hamrlik.
7:18 of 3rd period - Stopped by Miikka Kiprusoff without a rebound.
7:19 of 3rd period - Henrik Sedin wins face-off versus Tomas Holmstrom in Sharks zone.
8:05 of 3rd period - Icing by Mark Stuart.
8:06 of 3rd period - Jeremy Colliton wins face-off versus Maxim Lapierre in Sharks zone.
8:06 of 3rd period - Jeremy Colliton is hit by Maxim Lapierre.
8:45 of 3rd period - David Moss is hit by Tobias Enstrom and loses puck.
8:58 of 3rd period - Shot by David Clarkson.
8:58 of 3rd period - Stopped by Tim Thomas without a rebound.
8:59 of 3rd period - Henrik Sedin wins face-off versus Tomas Holmstrom in Flames zone.
9:08 of 3rd period - Jere Lehtinen is hit by Dustin Penner and loses puck.
9:57 of 3rd period - Shot by Frans Nielsen.
9:57 of 3rd period - Stopped by Miikka Kiprusoff without a rebound.
9:58 of 3rd period - Maxim Lapierre wins face-off versus Kamil Kreps in Sharks zone.
10:11 of 3rd period - Icing by Marek Zidlicky.
10:12 of 3rd period - Kamil Kreps wins face-off versus Frans Nielsen in Sharks zone.
10:27 of 3rd period - Icing by Kamil Kreps.
10:28 of 3rd period - Kamil Kreps wins face-off versus Maxim Lapierre in Sharks zone.
10:55 of 3rd period - Shot by Josh Gorges.
10:55 of 3rd period - Stopped by Tim Thomas with a rebound.
12:21 of 3rd period - Minor Penalty to Ed Jovanovski for Slashing.
12:22 of 3rd period - Craig Conroy wins face-off versus Frans Nielsen in Sharks zone.
13:00 of 3rd period - Shot by Jiri Hudler.
13:00 of 3rd period - Stopped by Miikka Kiprusoff without a rebound.
13:01 of 3rd period - Henrik Sedin wins face-off versus Craig Conroy in Sharks zone.
13:51 of 3rd period - Icing by Jiri Hudler.
13:52 of 3rd period - Frans Nielsen wins face-off versus David Clarkson in Flames zone.
14:38 of 3rd period - Minor Penalty to Josh Gorges for High sticking.
14:39 of 3rd period - Henrik Sedin wins face-off versus Tomas Holmstrom in Sharks zone.
15:37 of 3rd period - Off-side.
15:38 of 3rd period - Craig Conroy wins face-off versus Henrik Sedin in neutral zone.
16:44 of 3rd period - Off-side.
16:45 of 3rd period - Kamil Kreps wins face-off versus Maxim Lapierre in neutral zone.
17:13 of 3rd period - David Clarkson beats up Matt Carle.
17:13 of 3rd period - Penalty to Matt Carle for Fighting.
17:13 of 3rd period - Penalty to David Clarkson for Fighting.
17:14 of 3rd period - Frans Nielsen wins face-off versus Kamil Kreps in Sharks zone.
17:23 of 3rd period - Shot by Keith Tkachuk.
17:23 of 3rd period - Deflect By Jiri Hudler.
17:23 of 3rd period - Shot Misses the Net.
17:39 of 3rd period - Shot by Chris Higgins.
17:39 of 3rd period - Stopped by Tim Thomas without a rebound.
17:40 of 3rd period - Henrik Sedin wins face-off versus Craig Conroy in Flames zone.
18:16 of 3rd period - Icing by Chris Pronger.
18:17 of 3rd period - Kamil Kreps wins face-off versus Henrik Sedin in Flames zone.
18:51 of 3rd period - Icing by Valtteri Filppula.
18:52 of 3rd period - Maxim Lapierre wins face-off versus Jere Lehtinen in Flames zone.
19:01 of 3rd period - Flames, Tim Thomas is pulled from the net.


Output by the SimonT Hockey Simulator (STHS) for Stephane Roy -- Original Page W3C XHTML 1.0 Valid